 Dungeon Crawl Stone Soup version 0.23.2-1-ga50397a (webtiles) character file.

Game seed: 13845811589597261235

1463 diana the Skirmisher (level 8, -8/51 HPs)
             Began as a Gargoyle Fighter on May 28, 2019.
             Was a Follower of Okawaru.
             Mangled by an acid dragon (11 damage)
             ... on level 7 of the Dungeon.
             The game lasted 00:10:25 (5245 turns).

diana the Skirmisher (Gargoyle Fighter)             Turns: 5245, Time: 00:10:26

Health: -8/51      AC:  3    Str: 20    XL:     8   Next: 77%
Magic:  8/8        EV:  9    Int: 10    God:    Okawaru [*.....]
Gold:   378        SH: 10    Dex: 10    Spells: 7/7 levels left

rFire    . . .     SeeInvis .   o - +2 flail (protect)
rCold    . . .     Gourm    .   c - +0 shield
rNeg     + . .     Faith    .   b - +0 scale mail
rPois    ∞         Spirit   .   n - +0 helmet
rElec    +         Reflect  .   (no cloak)
rCorr    .         Harm     .   a - +0 pair of gloves
MR       +....                  (no boots)
Stlth    ..........             (no amulet)
HPRegen  0.17/turn              h - ring of protection from magic
MPRegen  0.11/turn              (no ring)

@: about to teleport, corroded
A: negative energy resistance 1, electricity resistance, unbreathing,
petrification resistance, rot immunity, AC +5
a: Heroism, Renounce Religion


You were on level 7 of the Dungeon.
You worshipped Okawaru.
Okawaru was aware of your devotion.
You were not hungry.

You visited 1 branch of the dungeon, and saw 7 of its levels.
You also visited: Sewer.

You collected 378 gold pieces.

Inventory:

Hand Weapons
 o - a +2 flail of protection (weapon)
 C - a +3 flail
Armour
 a - a +0 pair of gloves (worn)
 b - a +0 scale mail (worn)
 c - a +0 shield (worn)
 n - a +0 helmet (worn)
Jewellery
 h - a ring of protection from magic (left hand)
 w - an uncursed ring of stealth {unknown}
 z - an uncursed ring of ice {unknown}
Wands
 A - a wand of iceblast (3)
Scrolls
 e - 2 scrolls of enchant armour {unknown}
 g - 5 scrolls of remove curse
 j - a scroll of teleportation
 k - 6 scrolls of identify {unknown}
 l - a scroll of immolation {unknown}
 m - 2 scrolls of magic mapping {unknown}
 q - 4 scrolls of random uselessness {unknown}
 r - 2 scrolls of enchant weapon {unknown}
 t - 3 scrolls of fear {unknown}
 u - a scroll of blinking {unknown}
 v - 2 scrolls of fog {unknown}
 y - a scroll of noise {unknown}
Potions
 d - a potion of might
 i - 4 potions of lignification
 p - 2 potions of curing
 x - a potion of brilliance {unknown}
 B - a potion of mutation {unknown}
Comestibles
 f - 10 rations
 D - a chunk of flesh


   Skills:
 + Level 6.2 Fighting
 + Level 5.1 Maces & Flails
 + Level 6.2 Armour
 - Level 3.2 Dodging
 + Level 6.2 Shields


You had 7 spell levels left.
You didn't know any spells.
Your spell library contained the following spells:

 Spells                   Type           Power        Failure   Level  Hunger
 Animate Skeleton         Necr           N/A          97%         1    ##.....
 Magic Dart               Conj           #...         97%         1    ##.....
 Searing Ray              Conj           #.....       99%         2    ###....
 Dazzling Spray           Conj/Hex       #.....       100%        3    ####...
 Force Lance              Conj/Tloc      #.......     100%        4    #####..
 Fulminant Prism          Conj/Hex       #.........   100%        4    #####..
 Iskenderun's Mystic Bla  Conj           #.......     100%        4    #####..


Dungeon Overview and Level Annotations

Branches:
Dungeon (7/15)             Temple (0/1) D:5

Altars:
Dithmenos
Gozag
Kikubaaqudgha
Nemelex Xobeh
Okawaru
Sif Muna
Vehumet
Xom
Zin

Shops:
D:4 }


Innate Abilities, Weirdness & Mutations

You are resistant to torment.
Your stone body is resilient. (AC +5)
You are immune to poison.
You resist negative energy. (rN+)
You are resistant to electric shocks. (rElec)
You can survive without breathing.
You are immune to petrification.
You are immune to rotting.


Message History

The acid dragon is severely wounded.
You block the acid dragon's attack.
The acid dragon claws you but does no damage.
The acid dragon bites you. The acid dragon closely misses you.
You closely miss the acid dragon.
The acid dragon is severely wounded.
The acid dragon barely misses you.
The acid dragon claws you but does no damage.
You barely miss the acid dragon.
The acid dragon is severely wounded.
The acid dragon spits acid at you. The splash of acid hits you!
The acid corrodes you!
You are splashed with acid!
* * * LOW HITPOINT WARNING * * *
You barely miss the acid dragon.
The acid dragon is heavily wounded.
You block the acid dragon's attack. The acid dragon closely misses you.
Unknown command.
As you read the scroll of teleportation, it crumbles to dust.
You feel strangely unstable. The acid dragon bites you!
You die...

##.#..###
.......##
#...##..##
##..##....#
#...#._...#
..##...##....#
......D†##..#
# #.@.$.# #
##..####### #
#.$......# #
#...#.##.#
########
##.#.###.#
.......##
#.#.###.###
........####
#.#.......##
##..........
..#####....##
###...>.## ###
#......#####


You could see an acid dragon.

Vanquished Creatures
  A hippogriff (D:7)
  A hungry ghost (D:7)
  Purgy (Sewer)
  An ogre (D:6)
  A bullfrog (D:3)
  A gnoll sergeant (D:5)
  2 scorpions
  4 wights (D:7)
  2 hounds
  An orc priest (D:5)
  A bullfrog skeleton (D:4)
  An orc wizard (D:3)
  A centaur skeleton (D:7)
  3 worker ants
  A gnoll shaman (D:3)
  10 gnolls
  9 adders
  A river rat (D:4)
  An ooze (D:6)
  2 adder skeletons
  2 worms
  2 dart slugs (D:1)
  3 leopard geckos
  11 orcs
  2 ball pythons (D:4)
  3 giant cockroaches
  7 goblins
  13 hobgoblins
  7 jackals
  9 kobolds
  2 quokkas
  8 bats
  8 frilled lizards
  A leopard gecko skeleton (D:4)
  A quokka zombie (D:5)
  8 rats
132 creatures vanquished.

Notes
Turn   | Place    | Note
-------+----------+-------------------------------------------
     0 | D:1      | diana the Gargoyle Fighter began the quest for the Orb.
     0 | D:1      | Reached XP level 1. HP: 14/14 MP: 1/1
    50 | D:1      | Reached XP level 2. HP: 19/19 MP: 2/2
   266 | D:1      | Reached XP level 3. HP: 19/23 MP: 3/3
   759 | D:2      | Reached skill level 1 in Dodging
   766 | D:2      | Found an ancient bone altar of Kikubaaqudgha.
   766 | D:2      | Found a deep blue altar of Sif Muna.
   773 | D:2      | Found a radiant altar of Vehumet.
   778 | D:2      | Identified Kikubaaqudgha's Papyrus of Black Rituals
  1044 | D:2      | Reached XP level 4. HP: 28/29 MP: 4/4
  1271 | D:2      | Noticed an ogre
  1364 | D:3      | Reached XP level 5. HP: 25/33 MP: 5/5
  2012 | D:3      | Reached XP level 6. HP: 28/39 MP: 6/6
  2697 | D:4      | Found a glowing drain.
  2719 | Sewer    | Entered a sewer
  2798 | Sewer    | Noticed Purgy
  2822 | Sewer    | Killed Purgy
  2923 | D:4      | Reached XP level 7. HP: 42/44 MP: 7/7
  3164 | D:4      | Found Waisank's Gadget Emporium.
  3174 | D:4      | Found an iron altar of Okawaru.
  3182 | D:4      | Became a worshipper of Warmaster Okawaru
  3431 | D:5      | Entered Level 5 of the Dungeon
  3440 | D:5      | Reached skill level 5 in Fighting
  3561 | D:5      | Found a staircase to the Ecumenical Temple.
  3652 | D:5      | Reached skill level 5 in Shields
  3712 | D:5      | Reached skill level 5 in Armour
  3938 | D:5      | Noticed an angel
  3960 | D:5      | Found a shimmering altar of Xom.
  3967 | D:5      | Found a glowing silver altar of Zin.
  4023 | D:5      | Found an opulent altar of Gozag.
  4479 | D:6      | Found a sparkling altar of Nemelex Xobeh.
  4490 | D:6      | Reached XP level 8. HP: 37/50 MP: 8/8
  4920 | D:7      | Noticed a hippogriff
  4934 | D:7      | Killed a hippogriff
  4934 | D:7      | Reached * piety under Okawaru
  5137 | D:7      | Reached skill level 5 in Maces & Flails
  5226 | D:7      | Found a shadowy altar of Dithmenos.
  5245 | D:7      | Mangled by an acid dragon

Skill      XL: |  1  2  3  4  5  6  7  8 |
---------------+-------------------------+-----
Dodging        | 1 2 3 |  3.2
Shields        | 4 5 6 |  6.2
Armour         | 4 5 6 |  6.2
Fighting       | 4 5 6 |  6.2
Maces & Flails | 3 4 5 |  5.1

Action                   |  1- 3 |  4- 6 |  7- 9 || total
-------------------------+-------+-------+-------++-------
Melee: Flail             |   134 |   224 |   263 ||   621
  Use: Scroll            |       |     2 |     1 ||     3
       Potion            |       |     3 |     1 ||     4
  Eat: Chunk             |       |     3 |    12 ||    15
       Ration            |       |     1 |     1 ||     2
Armor: Scale mail        |    85 |   205 |   179 ||   469
       Skin              |       |    21 |       ||    21
Dodge: Dodged            |    39 |   120 |    94 ||   253
Block: Shield            |    79 |   168 |   158 ||   405
